General information
			
			
        
        - name: 1v1 OBS TM #103
 
        - type: Custom game
 
        - host: ActionJackson3
 
        - saver: evil_pengoon
 
        
map: TwistedMeadows 
        - players: 4
 
        - length: 21:33
 
        - speed: Fast
 - version: 1.22 W3XP
 - replay type:  Public
 
» download(86 KB)
Players
        team 1 (winner) 
              
              
ActionJackson3 (
red | 152 APM | 3274 actions | 21:33)
              
 6 Archmage 
 3 Summon Water Elemental
 3 Brilliance Aura
 6 Goblin Alchemist 
 3 Acid Bomb
 3 Chemical Rage
 
                » actions 
                
                | Assign group hotkey | 106 |  | 
| Basic commands | 500 |  | 
| Build / train | 103 |  | 
| Enter build submenu | 20 |  | 
| Enter hero's abilities submenu | 15 |  | 
| Give item / drop item | 5 |  | 
| Right click | 736 |  | 
| Select / deselect | 513 |  | 
| Select group hotkey | 1137 |  | 
| Use ability | 139 |  | 
                3274 total
 » units 
                
                | Peasant | 27 |  | 
| Footman | 6 |  | 
| Rifleman | 18 |  | 
| Priest | 6 |  | 
| Sorceress | 4 |  | 
| Spell Breaker | 5 |  | 
                66 total
 » upgrades
                
                | Priest Training | 1 |  | 
| Sorceress Training | 1 |  | 
| Long Rifles | 1 |  | 
| Magic Sentry | 1 |  | 
                4 total
 » buildings
                
                | Altar of Kings | 1 |  | 
| Barracks | 1 |  | 
| Farm | 10 |  | 
| Scout Tower | 2 |  | 
| Keep | 1 |  | 
| Arcane Vault | 2 |  | 
| Arcane Tower | 2 |  | 
| Blacksmith | 1 |  | 
| Arcane Sanctum | 2 |  | 
| Castle | 1 |  | 
| Town Hall | 1 |  | 
                24 total
 » build order
                00:07 Altar of Kings
00:14 Barracks
00:17 Farm
00:38 Farm
01:33 Farm
01:41 Scout Tower
03:44 Keep
04:05 Arcane Vault
04:06 Arcane Tower
04:52 Farm
04:53 Farm
05:08 Blacksmith
06:07 Arcane Sanctum
08:28 Farm
09:46 Castle
09:57 Arcane Sanctum
12:02 Town Hall
12:09 Farm
12:10 Farm
13:03 Farm
18:42 Arcane Vault
19:49 Scout Tower
20:17 Farm
20:19 Arcane Tower
» items
                
                | Scroll of Regeneration | 1 |  | 
| Lesser Clarity Potion | 1 |  | 
| Staff of Teleportation | 1 |  | 
| Scroll of Protection | 1 |  | 
| Potion of Healing | 3 |  | 
| Scroll of Town Portal | 2 |  | 
| Potion of Lesser Invulnerability | 3 |  | 
                12 total
  
               team 2 (loser) 
              
              
» 
evil_pengoon (
pink | 87 APM | 1886 actions | 21:33)
              
 7 Dreadlord 
 3 Sleep
 3 Vampiric Aura
 1 Inferno
 
                » actions 
                
                | Assign group hotkey | 25 |  | 
| Basic commands | 143 |  | 
| Build / train | 63 |  | 
| Enter build submenu | 17 |  | 
| Enter hero's abilities submenu | 7 |  | 
| Remove unit from queue | 1 |  | 
| Right click | 904 |  | 
| Select / deselect | 436 |  | 
| Select group hotkey | 219 |  | 
| Use ability | 71 |  | 
                1886 total
 » units 
                
                | Acolyte | 3 |  | 
| Ghoul | 31 |  | 
| Obsidian Statue | 6 |  | 
                40 total
 » upgrades
                
                | Unholy Strength | 2 |  | 
| Unholy Armor | 2 |  | 
| Ghoul Frenzy | 1 |  | 
| Destroyer Form | 1 |  | 
                6 total
 » buildings
                
                | Crypt | 2 |  | 
| Ziggurat | 4 |  | 
| Altar of Darkness | 1 |  | 
| Tomb of Relics | 3 |  | 
| Graveyard | 1 |  | 
| Halls of the Dead | 1 |  | 
| Nerubian Tower | 1 |  | 
| Spirit Tower | 1 |  | 
| Black Citadel | 1 |  | 
| Slaughterhouse | 2 |  | 
                17 total
 » build order
                00:10 Crypt
00:12 Ziggurat
00:35 Altar of Darkness
01:20 Ziggurat
01:42 Tomb of Relics
01:48 Tomb of Relics
02:21 Crypt
03:06 Graveyard
05:21 Halls of the Dead
05:25 Ziggurat
05:29 Tomb of Relics
06:41 Ziggurat
07:50 Nerubian Tower
08:07 Spirit Tower
09:52 Black Citadel
09:58 Slaughterhouse
10:02 Slaughterhouse
» items
                
                | Scroll of Healing | 1 |  | 
| Scroll of Town Portal | 2 |  | 
                3 total
  
               observersLegolas12345, 
Genjie Chat log
          (00:00) Legolas12345: 
(00:19 / All) evil_pengoon: gl hf all goon replays available @ highper.ch
(00:27 / All) ActionJackson3: where did timmay go
(00:41 / All) evil_pengoon: idk maybe he died irl?
(00:51 / All) evil_pengoon: jumped off a chair w/ a rope around his neck
(00:52 / All) ActionJackson3: proby takin a dump
(00:53 / All) evil_pengoon: i hope so
(03:05 / All) ActionJackson3: haywtf
(04:47 / All) ActionJackson3: haywtf
(04:51 / All) evil_pengoon: nigger noob
(05:08 / All) evil_pengoon: shameful to kill a fellow goons shop
(10:04 / All) ActionJackson3: intense
(10:09 / All) evil_pengoon: u sank my battle ship
(14:55 / All) evil_pengoon: hmmmmmmmmmmmmmmmmmmmmmmmmm
(18:32 / All) evil_pengoon: pardon my language
(18:37 / All) evil_pengoon: but fark water elemental
(18:44 / All) evil_pengoon: once again pardon the language
(19:03 / All) evil_pengoon: if only my race has some sort of heavy anti caster unit
(19:14 / All) ActionJackson3: like destros
(19:27 / All) evil_pengoon: oh mancant believe i 4gout bout that unit
(21:24 / All) evil_pengoon: okay well your gonna win this probably
(21:25 / All) evil_pengoon: gg
(21:30 / All) ActionJackson3: gg